[Event "Istanbul Open 2019"]
[Site "Istanbul"]
[Date "2019.09.01"]
[Round "9.16"]
[White "Can, Ilhan"]
[Black "Ozbag, Berat"]
[Result "1/2-1/2"]
[ECO "B50"]
[WhiteElo "1683"]
[BlackElo "1663"]
[Annotator "NA"]
[PlyCount "71"]
[EventDate "2019.08.26"]
[EventType "swiss"]
[EventCountry "TUR"]
[SourceTitle "playchess.com"]
[Source "ChessBase"]
[SourceQuality "1"]
[TimeControl "5400+30"]

1. e4 c5 2. Nf3 d6 3. c3 Nf6 4. Be2 Bd7 5. d3 g6 6. h3 Bg7 7. Be3 O-O 8. Qd2 Nc6 9. Bh6 e5 10. Bg5 Be6 11. O-O Qc7 12. Nh4 d5 13. Qe3 b6 14. f4 h6 15. Bxf6 Bxf6 16. f5 Bg5 17. Qg3 Bf4 18. Rxf4 exf4 19. Qg4 Ne5 20. Qxf4 g5 21. Qg3 Kh7 22. Nf3 Nxf3+ 23. Qxf3 dxe4 24. dxe4 Bd7 25. Nd2 Bc6 26. f6 Qf4 27. Qxf4 gxf4 28. Bg4 Kg6 29. e5 h5 30. Bf3 Bxf3 31. Nxf3 Rad8 32. Re1 Rfe8 33. Nh4+ Kg5 34. Nf3+ Kf5 35. Nh4+ Ke6 36. Nf3 1/2-1/2

[Event "Istanbul Open 2019"]
[Site "Istanbul"]
[Date "2019.09.01"]
[Round "9.17"]
[White "Torun, Ufuk"]
[Black "Hakkaki Fard, Pedram"]
[Result "0-1"]
[ECO "C47"]
[WhiteElo "1568"]
[BlackElo "1720"]
[Annotator "NA"]
[PlyCount "96"]
[EventDate "2019.08.26"]
[EventType "swiss"]
[EventCountry "TUR"]
[SourceTitle "playchess.com"]
[Source "ChessBase"]
[SourceQuality "1"]
[TimeControl "5400+30"]

1. e4 e5 2. Nf3 Nf6 3. Nc3 Nc6 4. a3 a6 5. d4 exd4 6. Nxd4 Bc5 7. Be3 Nxd4 8. Bxd4 Qe7 9. Bxc5 Qxc5 10. Bd3 d6 11. O-O O-O 12. Nd5 Nxd5 13. exd5 b5 14. b4 Qc3 15. Re1 Bb7 16. Re3 Qf6 17. Rb1 Rae8 18. Be4 Re5 19. Qd3 g6 20. Rbe1 Rfe8 21. g3 R5e7 22. Kg2 Bc8 23. h4 h5 24. c3 Bg4 25. c4 bxc4 26. Qc3 Qxc3 27. Rxc3 Rxe4 28. Rxe4 Rxe4 29. f3 Rd4 30. fxg4 hxg4 31. Kf2 f5 32. Ke3 Re4+ 33. Kf2 Rd4 34. Ke3 Rxd5 35. Rxc4 c5 36. bxc5 Rxc5 37. Ra4 a5 38. Kf4 Kf7 39. Kg5 Rc3 40. Rxa5 Rxg3 41. a4 Ra3 42. Ra7+ Ke6 43. Rg7 g3 44. Rxg6+ Ke5 45. Kh5 f4 46. a5 Ke4 47. Rxd6 g2 48. Rd1 f3 0-1

[Event "Istanbul Open 2019"]
[Site "Istanbul"]
[Date "2019.09.01"]
[Round "9.18"]
[White "Ulas, Berkay"]
[Black "Yalcinkaya, Efe"]
[Result "1-0"]
[ECO "A04"]
[WhiteElo "1609"]
[BlackElo "1542"]
[Annotator "NA"]
[PlyCount "69"]
[EventDate "2019.08.26"]
[EventType "swiss"]
[EventCountry "TUR"]
[SourceTitle "playchess.com"]
[Source "ChessBase"]
[SourceQuality "1"]
[TimeControl "5400+30"]

1. c4 c5 2. b3 d6 3. Nf3 e5 4. Nc3 Nc6 5. e3 f5 6. d3 Nf6 7. Be2 g6 8. Bb2 Bg7 9. a3 O-O 10. Qc2 Kh8 11. Rd1 h6 12. O-O g5 13. d4 e4 14. Ne1 cxd4 15. exd4 a6 16. f3 e3 17. f4 g4 18. Bc1 d5 19. Bxe3 Qe7 20. Bf2 Qxa3 21. Nd3 Ne4 22. Nxe4 fxe4 23. Ne5 Nxe5 24. fxe5 Bf5 25. Bh4 Bh7 26. Qc3 dxc4 27. Bxc4 Rfc8 28. Ra1 Rxc4 29. Qxc4 Qb2 30. Bf6 Bxf6 31. exf6 e3 32. f7 Be4 33. f8=Q+ Rxf8 34. Rxf8+ Kg7 35. Qf7# 1-0